 Dungeon Crawl Stone Soup version 0.17.0-7-gfadd4cc (webtiles) character file.

22518 CcS the Severer (level 13, -6/86 HPs)
             Began as an Octopode Berserker on Nov 7, 2015.
             Was a High Priest of Trog.
             Mangled by an eight-headed hydra (12 damage)
             ... on level 6 of the Lair of Beasts.
             The game lasted 00:22:22 (14658 turns).

CcS the Severer (Octopode Berserker)               Turns: 14658, Time: 00:22:22

Health: -6/86      AC:  4    Str: 19    XL:     13   Next: 0%
Magic:  13/13      EV: 19    Int: 10    God:    Trog [*****.]
Gold:   534        SH:  6    Dex: 16    Spells: 0 memorised, 12 levels left

rFire  . . .     SeeInvis .     R - +12 broad axe of Winter {venom, rElec Str+3}
rCold  . . .     Clarity  .     t - +0 buckler
rNeg   + . .     SustAt   +     s - +1 hat
rPois  .         Gourm    .     d - amulet of resist corrosion {rCorr, !d}
rElec  +         Spirit   .     w - +2 ring of evasion
rCorr  +         Warding  .     x - ring of sustain attributes
rMut   .         Stasis   .     i - ring of flight {+Fly, !d}
MR     .....                    L - ring of positive energy {rN+}
Stlth  +++.......               U - +2 ring of protection
                                (no ring)
                                (no ring)
                                (no ring)

@: about to teleport, not resistant to hostile enchantments, fairly stealthy
A: almost no armour, amphibious, 8 rings, constrict 8, camouflage 1, gelatinous
body 1
a: Berserk, Trog's Hand, Brothers in Arms, Burn Spellbooks, Renounce Religion,
Evoke Flight


You were on level 6 of the Lair of Beasts.
You worshipped Trog.
Trog was extremely pleased with you.
You were not hungry.

You visited 2 branches of the dungeon, and saw 14 of its levels.

You collected 729 gold pieces.
You spent 195 gold pieces at shops.

Inventory:

Hand Weapons
 a - a +0 war axe
   (You took it off an orc priest on level 6 of the Dungeon)
 b - a +0 blowgun
   (You took it off a kobold on level 6 of the Dungeon)
 D - the +7 war axe of Cowardice {pain, rElec rF+ rC+ Str+2}
   (You bought it in a shop on level 6 of the Dungeon)

   In the hands of one skilled in necromantic magic, it inflicts extra damage on
   living creatures.
   It affects your strength (+2).
   It protects you from fire.
   It protects you from cold.
   It insulates you from electricity.
 R - the +12 broad axe of Winter (weapon) {venom, rElec Str+3}
   (Trog gifted it to you on level 3 of the Lair of Beasts)

   It poisons the flesh of those it strikes.
   It affects your strength (+3).
   It insulates you from electricity.
Missiles
 h - 4 tomahawks (quivered)
 y - 12 poisoned needles
 C - 3 needles of sleeping
 G - 5 javelins of returning
 H - 2 poisoned javelins
 J - a throwing net {=f, !d}
 S - 3 large rocks {!d}
Armour
 s - a +1 hat (worn)
   (You found it on level 4 of the Dungeon)
 t - a +0 buckler (worn)
   (You took it off a kobold on level 6 of the Dungeon)
Jewellery
 d - an amulet of resist corrosion (around mantle) {rCorr, !d}
   (You found it on level 1 of the Dungeon)
 f - an uncursed amulet of resist mutation {rMut, !d}
   (You found it on level 1 of the Dungeon)
 i - a ring of flight (on tentacle) {+Fly, !d}
   (You found it on level 7 of the Dungeon)
 w - a +2 ring of evasion (left tentacle)
   (You took it off a kobold on level 2 of the Dungeon)
 x - a ring of sustain attributes (right tentacle)
   (You found it on level 2 of the Dungeon)
 L - a ring of positive energy (on tentacle) {rN+}
   (You found it on level 7 of the Dungeon)
 U - a +2 ring of protection (on tentacle)
   (You found it on level 4 of the Lair of Beasts)
 W - an uncursed ring of invisibility {unknown}
   (You found it on level 5 of the Lair of Beasts)
Wands
 o - a wand of teleportation (3)
   (You found it on level 6 of the Dungeon)
 p - a wand of fireball (4)
   (You took it off Jessica on level 2 of the Dungeon)
 u - a wand of cold (11)
   (You found it on level 4 of the Dungeon)
 N - a wand of draining (5)
   (You found it on level 1 of the Lair of Beasts)
 O - a wand of frost (15)
   (You found it on level 1 of the Lair of Beasts)
Scrolls
 A - 7 scrolls of remove curse
 B - a scroll of enchant weapon
 F - 2 scrolls of teleportation
 K - 5 scrolls of identify
 M - a scroll of fog
 Y - a scroll of noise {unknown}
Potions
 c - 4 potions of haste
 g - 4 potions of cure mutation {!q}
 j - 10 potions of curing
 k - a potion of magic
 l - 4 potions of flight
 m - 2 potions of resistance
 n - 4 potions of brilliance
 q - 4 potions of degeneration {!q}
 r - 2 potions of ambrosia {!q}
 V - 2 potions of mutation {unknown}
Books
 E - a Young Poisoner's Handbook
   (You found it on level 7 of the Dungeon)
 P - a book of Battle
   (You found it on level 4 of the Lair of Beasts)
Miscellaneous
 z - a crystal ball of energy
   (You found it on level 3 of the Lair of Beasts)
 Q - a plain deck of wonders
   (You found it on level 4 of the Lair of Beasts)
Comestibles
 v - 8 bread rations {@e1}
 I - 3 meat rations {@e2}
 X - 2 chunks of flesh {@w0}


   Skills:
 - Level 7.2 Fighting
 * Level 15.3 Axes
 + Level 9.1 Throwing
 - Level 7.3 Dodging
 - Level 6.2 Shields


You had 12 spell levels left.
You didn't know any spells.

Dungeon Overview and Level Annotations

Branches:
Dungeon (8/15)               Lair (6/8) D:8          Shoals (0/4) Lair:5
 Spider (0/4) Lair:3
 Temple: D:4-7        Slime: Lair:6-8

Altars:
Dithmenos
The Shining One

Shops:
D:6 (

Annotations:
Lair:2 Leibowitz's ghost, journeyman MfGl
Lair:3 exclusion: hydra
Lair:4 exclusion: 2 electric eels


Innate Abilities, Weirdness & Mutations

You cannot wear most types of armour.
You are amphibious.
You can wear up to eight rings at the same time.
You can use your tentacles to constrict eight enemies at once.
Your skin changes colour to match your surroundings (Stealth).
Your rubbery body absorbs attacks (AC +1).


Message History

Health restored: 81 The yak is too close now for your liking.
A yak is nearby!
A yak is nearby!
A yak is nearby!
You slice the yak!!
The yak is poisoned.
Your squeeze misses the yak. You slash the plant! You block the yak's attack.
You slash the yak!
You kill the yak!
Trog accepts your kill.
You have reached level 13!
You slash the plant!
The plant is poisoned.
Health restored: 86; MP restored: 13 You see here a yak corpse.
You butcher the yak corpse.
X - a chunk of flesh {@w0} Done exploring.
Done exploring.
Done exploring.
Done exploring.
There is a stone staircase leading down here.
You climb downwards.
There is a stone staircase leading up here.
Found a stone staircase leading down.
K - 5 scrolls of identify (gained 1)
You now have 534 gold pieces (gained 12).
Found a stone staircase leading down.
A giant frog comes into view.
A giant frog is nearby!
A giant frog is nearby!
The giant frog closely misses you.
You slice the giant frog!!
You kill the giant frog!
Trog accepts your kill.
No target in view!
No target in view!
No target in view!
You see here a giant frog corpse.
You butcher the giant frog corpse.
X - 2 chunks of flesh {@w0} (gained 1)
Y - a scroll labeled YVUXEPTOHU A river rat comes into view.
A river rat is nearby!
A river rat is nearby! 2 river rats come into view.
Found 13 stones.
Found a stone staircase leading up.
A river rat and a hydra come into view.
The eight-headed hydra roars!
The river rat moves out of view. 2 river rats come into view.
The river rat moves out of view. 3 river rats come into view.
The eight-headed hydra bites you!
The eight-headed hydra barely misses you.
The eight-headed hydra bites you!
The eight-headed hydra closely misses you.
You block the eight-headed hydra's attack. x2
The eight-headed hydra bites you.
The eight-headed hydra closely misses you.
You take 29 damage, and have 57/86 hp.
MASSIVE DAMAGE!!
Read which item? (? for menu, Esc to quit)
As you read the scroll of fear, it crumbles to dust.
You assume a fearsome visage.
The river rat looks frightened!
The river rat looks frightened! x7
The eight-headed hydra resists with almost no effort.
The eight-headed hydra misses you.
The eight-headed hydra completely misses you.
The eight-headed hydra misses you. x2
You block the eight-headed hydra's attack.
The eight-headed hydra barely misses you.
The eight-headed hydra bites you!
The eight-headed hydra closely misses you.
You take 14 damage, and have 43/86 hp.
Unknown command.
You feel strangely unstable.
Evoking this partially-identified wand wasted a few charges.
The eight-headed hydra bites you!
The eight-headed hydra barely misses you.
The eight-headed hydra bites you!
* * * LOW HITPOINT WARNING * * *
The eight-headed hydra closely misses you.
The eight-headed hydra bites you!
* * * LOW HITPOINT WARNING * * *
The eight-headed hydra barely misses you.
The eight-headed hydra closely misses you. x2
You take 41 damage, and have 2/86 hp.
MASSIVE DAMAGE!!
Drink which item? (? for menu, Esc to quit)
You feel much better.
The river rat bites something but does no damage.
The eight-headed hydra misses you. The eight-headed hydra bites you.
The eight-headed hydra completely misses you.
The eight-headed hydra bites you!
* * * LOW HITPOINT WARNING * * *
The eight-headed hydra bites you but does no damage.
The eight-headed hydra bites you!
* * * LOW HITPOINT WARNING * * *
The eight-headed hydra bites you!
You die...

......P #.##....
#....#...#...## #......
#........#....###......
##........##...#.......
##.........###..........
.r...[.....###..........
r....../.P###...........
♣.......PP##....P.......
♣.r..D@.P#....#........
♣r....<.....##......>..
.r♣....#.P..#.#.........
♣r....................
...r.............P.....
..r.........(..#......##
.....!..........##.
.r♣...........###
♣............


You could see an eight-headed hydra and 9 river rats.

Vanquished Creatures
  The ghost of wojtek the Basher, a journeyman GrFi of Makhleb (Lair:4)
  Erica (Lair:1)
  A catoblepas (Lair:5)
  The ghost of happy2pester the Basher, a novice HOGl of Beogh (D:8)
  Pikel (D:7)
  2 griffons
  3 black mambas (Lair:3)
  A siren (Lair:5)
  6 elephants (Lair:5)
  2 komodo dragons
  4 spiny frogs
  A two-headed ogre (D:7)
  Prince Ribbit (Lair:1)
  9 blink frogs
  Sigmund (D:6)
  A wyvern (Lair:3)
  4 yaks
  3 hippogriffs (Lair:5)
  4 basilisks
  Grum (D:8)
  A hungry ghost (D:7)
  Menkaure (D:7)
  7 wolves
  A deep elf fighter (D:8)
  9 water moccasins
  A black bear (D:8)
  An orc warrior (D:6)
  6 porcupines
  2 slaves (D:7)
  A necrophage (D:4)
  6 spiders (Lair:3)
  4 ogres
  3 phantoms
  3 centaurs (D:8)
  6 crocodiles
  A big kobold (D:6)
  14 giant frogs
  A wyvern zombie (D:8)
  4 scorpions
  4 killer bees (D:8)
  2 electric eels (Lair:5)
  3 hounds
  7 crimson imps
  3 jellies
  A giant frog zombie (D:6)
  6 orc wizards
  4 orc priests
  A quasit (D:5)
  Jessica (D:2)
  A giant frog skeleton (D:8)
  Terence (D:2)
  Natasha (thrice) (D:2)
  7 iguanas
  6 worker ants
  6 sheep (Lair:3)
  2 worker ant zombies
  9 adders
  32 river rats
  3 shadow imps
  2 oozes (D:2)
  An adder skeleton (D:5)
  4 giant geckos
  22 orcs
  4 giant cockroaches
  5 hobgoblins
  11 jackals
  22 kobolds
  3 quokkas
  2 ball pythons
  26 bats
  A giant gecko skeleton (D:7)
  4 giant newts
  10 goblins
  A quokka skeleton (D:8)
  A quokka zombie (D:7)
  18 rats
  3 fungi
  2 plants
364 creatures vanquished.

Vanquished Creatures (collateral kills)
  3 hydras (Lair:5)
  2 river rats (Lair:2)
5 creatures vanquished.

Vanquished Creatures (others)
  2 slaves
  5 fungi
  2 plants
9 creatures vanquished.

Grand Total: 378 creatures vanquished

Notes
Turn   | Place    | Note
--------------------------------------------------------------
     0 | D:1      | CcS the Octopode Berserker began the quest for the Orb.
     0 | D:1      | Reached XP level 1. HP: 16/16 MP: 1/1
   264 | D:1      | Reached XP level 2. HP: 19/21 MP: 2/2
   564 | D:1      | Reached ** piety under Trog
   564 | D:1      | Reached XP level 3. HP: 23/26 MP: 3/3
   820 | D:2      | Noticed Natasha
   826 | D:2      | Killed Natasha
   826 | D:2      | Reached skill level 4 in Axes
   826 | D:2      | Reached XP level 4. HP: 14/32 MP: 4/4
  1125 | D:2      | Noticed Jessica
  1131 | D:2      | Killed Jessica
  1213 | D:2      | Noticed Natasha
  1221 | D:2      | Killed Natasha
  1267 | D:2      | Noticed Natasha
  1275 | D:2      | Killed Natasha
  1434 | D:2      | Noticed Terence
  1441 | D:2      | Killed Terence
  1441 | D:2      | Reached skill level 5 in Axes
  1441 | D:2      | Reached XP level 5. HP: 37/37 MP: 5/5
  1442 | D:2      | Reached skill level 4 in Fighting
  1633 | D:2      | Found a shadowy altar of Dithmenos.
  1709 | D:2      | Reached *** piety under Trog
  1986 | D:3      | Found a faded altar to an unknown god.
  2066 | D:3      | HP: 12/55 [something (2)]
  2068 | D:3      | Reached XP level 6. HP: 13/43 MP: 6/6
  2071 | D:3      | HP: 7/64 [poisoned by an adder]
  2077 | D:3      | HP: 7/66 [poisoned by an adder]
  2083 | D:3      | HP: 4/44 [poisoned by an adder]
  2774 | D:4      | Reached skill level 6 in Axes
  2774 | D:4      | Reached skill level 1 in Throwing
  2813 | D:4      | Reached **** piety under Trog
  2875 | D:4      | You fall through a shaft!
  2875 | D:5      | Entered Level 5 of the Dungeon
  2879 | D:5      | Reached XP level 7. HP: 40/49 MP: 7/7
  2999 | D:5      | Reached skill level 5 in Fighting
  3005 | D:5      | Reached skill level 2 in Throwing
  3305 | D:5      | Reached skill level 7 in Axes
  3430 | D:5      | Noticed a water moccasin
  3440 | D:5      | Killed a water moccasin
  3717 | D:5      | Reached XP level 8. HP: 30/55 MP: 8/8
  3721 | D:5      | HP: 13/55 [worker ant (2)]
  3981 | D:5      | Reached skill level 3 in Throwing
  4268 | D:6      | Reached skill level 8 in Axes
  4469 | D:6      | Reached skill level 6 in Fighting
  4474 | D:6      | Reached skill level 4 in Throwing
  4665 | D:6      | Found Fuudutob's Antique Weapon Emporium.
  4673 | D:6      | Bought a shimmering war axe for 195 gold pieces
  4673 | D:6      | Identified the +7 war axe of Cowardice {pain, rElec rF+ rC+ Str+2} (You bought it in a shop on level 6 of the Dungeon)
  4735 | D:6      | Noticed Sigmund
  4744 | D:6      | Killed Sigmund
  4958 | D:7      | Noticed Pikel
  4966 | D:7      | Killed Pikel
  4966 | D:7      | Reached skill level 9 in Axes
  4966 | D:7      | Reached XP level 9. HP: 63/63 MP: 9/9
  5098 | D:7      | Noticed Menkaure
  5104 | D:7      | Killed Menkaure
  5104 | D:7      | Reached skill level 5 in Throwing
  5150 | D:7      | Received a gift from Trog
  5350 | D:7      | Reached skill level 7 in Fighting
  5426 | D:7      | Reached skill level 10 in Axes
  6161 | D:8      | Reached skill level 1 in Shields
  6163 | D:8      | Reached ***** piety under Trog
  6168 | D:8      | Reached skill level 2 in Shields
  6219 | D:8      | Received a gift from Trog
  6259 | D:8      | HP: 23/96 [centaur (7)]
  6260 | D:8      | Reached skill level 3 in Shields
  6261 | D:8      | Reached XP level 10. HP: 26/71 MP: 10/10
  6318 | D:8      | Reached skill level 4 in Shields
  6324 | D:8      | HP: 23/106 [killer bee (8)]
  6327 | D:8      | Reached skill level 5 in Shields
  6331 | D:8      | HP: 17/106 [poisoned by a killer bee]
  6336 | D:8      | HP: 17/71 [poisoned by a killer bee]
  6346 | D:8      | HP: 17/71 [poisoned by a killer bee]
  6354 | D:8      | Noticed happy2pester's ghost (novice HOGl)
  6613 | D:8      | Killed happy2pester's ghost
  6613 | D:8      | Reached skill level 6 in Shields
  6850 | D:8      | Noticed Grum
  6864 | D:8      | Killed Grum
  7103 | D:8      | Reached skill level 4 in Dodging
  7229 | D:8      | Reached skill level 11 in Axes
  7422 | D:8      | Found a glowing golden altar of the Shining One.
  7536 | D:8      | Found a staircase to the Lair.
  7805 | Lair:1   | Entered Level 1 of the Lair of Beasts
  7830 | Lair:1   | Noticed Prince Ribbit
  7840 | Lair:1   | Killed Prince Ribbit
  7845 | Lair:1   | Reached skill level 5 in Dodging
  7851 | Lair:1   | Reached XP level 11. HP: 66/75 MP: 11/11
  8041 | Lair:1   | Noticed Erica
  8048 | Lair:1   | Killed Erica
  8048 | Lair:1   | Reached skill level 12 in Axes
  8377 | Lair:2   | Reached skill level 6 in Dodging
  8564 | Lair:2   | HP: 7/75 [komodo dragon (32)]
  9108 | Lair:2   | Noticed Leibowitz's ghost (journeyman MfGl)
  9802 | Lair:3   | Reached skill level 6 in Throwing
 10106 | Lair:3   | Found a hole to the Spider Nest.
 10138 | Lair:3   | Reached skill level 13 in Axes
 10209 | Lair:3   | Received a gift from Trog
 10364 | Lair:3   | Got a scorched broad axe {god gift}
 10365 | Lair:3   | Identified the +12 broad axe of Winter {venom, rElec Str+3} (Trog gifted it to you on level 3 of the Lair of Beasts)
 10380 | Lair:3   | Noticed a five-headed hydra
 10573 | Lair:3   | Reached skill level 7 in Dodging
 11318 | Lair:3   | Reached XP level 12. HP: 27/81 MP: 12/12
 11666 | Lair:3   | Reached skill level 7 in Throwing
 11738 | Lair:4   | Noticed wojtek's ghost (journeyman GrFi)
 11752 | Lair:4   | Killed wojtek's ghost
 12049 | Lair:4   | Reached skill level 14 in Axes
 12811 | Lair:5   | Reached skill level 8 in Throwing
 12862 | Lair:5   | Noticed an eight-headed hydra
 12933 | Lair:5   | Noticed a catoblepas
 12943 | Lair:5   | Killed a catoblepas
 13356 | Lair:5   | Noticed a five-headed hydra
 13363 | Lair:5   | Killed a five-headed hydra
 13603 | Lair:5   | Reached skill level 15 in Axes
 13853 | Lair:5   | Found a staircase to the Shoals.
 14329 | Lair:5   | Noticed a four-headed hydra
 14337 | Lair:5   | Killed a four-headed hydra
 14337 | Lair:5   | Reached skill level 9 in Throwing
 14339 | Lair:5   | Killed an eight-headed hydra
 14574 | Lair:5   | Reached XP level 13. HP: 86/86 MP: 13/13
 14657 | Lair:6   | HP: 17/86 [eight-headed hydra (13)]
 14657 | Lair:6   | HP: 2/86 [eight-headed hydra (15)]
 14658 | Lair:6   | Mangled by an eight-headed hydra

Action                   |  1- 3 |  4- 6 |  7- 9 | 10-12 | 13-15 || total
-------------------------+-------+-------+-------+-------+-------++-------
Melee: Hand axe          |    64 |   121 |   106 |       |       ||   291
       War axe           |       |       |   122 |   318 |       ||   440
       Broad axe         |       |       |       |   145 |     1 ||   146
Throw: Tomahawk          |       |       |       |     7 |       ||     7
Invok: Berserk           |       |     1 |    11 |    18 |       ||    30
       Trog's Hand       |       |       |     3 |     9 |       ||    12
       Brothers in Arms  |       |       |       |     3 |       ||     3
Evoke: Wand              |       |       |       |       |     1 ||     1
  Use: Scroll            |       |     6 |     9 |    10 |     1 ||    26
       Potion            |       |     1 |       |     5 |     1 ||     7
 Stab: Sleeping          |     5 |     7 |     6 |     9 |       ||    27
       Distracted        |       |       |       |     2 |       ||     2
  Eat: Chunk             |       |     7 |    13 |    18 |       ||    38
       Meat ration       |       |       |     1 |     1 |       ||     2
       Beef jerky        |       |       |     1 |     5 |       ||     6
       Bread ration      |       |       |     1 |     1 |       ||     2
       Fruit             |       |       |       |    15 |       ||    15
       Pizza             |       |       |       |     2 |       ||     2

Vault maps used:
D:1:      sevenhm_arrival_forest_fort_large_4
D:2:      first_bread, grunt_dithmenos_smoke, uniq_jessica, uniq_natasha,
          uniq_terence
D:3:      ecumenical_altar_1
D:4:      minitemple, minmay_temple_entry_nine_rooms
D:6:      kennysheep_spiral_hall, serial_shops, nicolae_shop_trees, uniq_sigmund
D:7:      grunt_ogre_cave, uniq_menkaure, uniq_pikel
D:8:      kennysheep_mini_moat, grunt_lair_entry_elf_guard_hut, uniq_grum
Lair:1:   uniq_erica, uniq_prince_ribbit2
Lair:2:   grunt_megastairs_2, bh_autumn_forest_stairs, lemuel_fruit_fields
Lair:3:   nicolae_spider_entry_tight_spaces, serial_bayou_shore_b
Lair:4:   serial_bayou, serial_bayou_shore_a, serial_bayou_pond_c,
          serial_bayou_lagoon_a, serial_bayou_pond_e
Lair:5:   elwin_shoals_entry_rooms, serial_bayou, serial_bayou_pond_a,
          serial_bayou_shore_b, serial_bayou_crossing, serial_bayou_pond_a
Lair:6:   eino_small_chamber_without_monster, grunt_forest_large_clearing_hut

Table legend:
 A = Turns spent in this place as a percentage of turns spent in the entire game.
 B = Non-inter-level travel turns spent in this place as a percentage of non-inter-level travel turns spent in the entire game.
 C = Inter-level travel turns spent in this place as a percentage of turns spent in this place.
 D = Turns resting spent in this place as a percentage of non-inter-level travel turns spent in this place.
 E = Turns spent auto-exploring this place as a percentage of non-inter-level travel turns spent in this place.
 F = Non-inter-level travel turns spent in this place divided by the number of levels of this place that you've seen.
                   A       B       C       D       E      F
               +-------+-------+-------+-------+-------+----------------------
         Total | 100.0 | 100.0 |   0.5 |   6.1 |   9.2 | 285.4
       Dungeon |  60.3 |  60.2 |   0.7 |   5.2 |   9.5 | 300.6
          Lair |  39.7 |  39.8 |   0.3 |   7.4 |   8.7 | 265.2
               +-------+-------+-------+-------+-------+----------------------

Table legend:
 A = Kills in this place as a percentage of kills in entire the game.
 B = Kills by you in this place as a percentage of kills by you in the entire game.
 C = Kills by friends in this place as a percentage of kills by friends in the entire game.
 D = Other kills in this place as a percentage of other kills in the entire game.
 E = Experience gained in this place as a percentage of experience gained in the entire game.
 F = Experience gained in this place divided by the number of levels of this place that you have seen.
                   A       B       C       D       E      F
               +-------+-------+-------+-------+-------+----------------------
         Total | 100.0 | 100.0 | 100.0 |  -nan | 100.0 | 2297.8
       Dungeon |  64.4 |  65.3 |   0.0 |  -nan |  25.2 | 1012.9
          Lair |  35.6 |  34.7 | 100.0 |  -nan |  74.8 | 4011.0
               +-------+-------+-------+-------+-------+----------------------
